 Dungeon Sprint DCSS version 0.18-a0-1157-g59db91b (webtiles) character file.

81582 Kidiri the Impregnable (level 15, -10/149 HPs)
             Began as a Minotaur Fighter on Jan 23, 2016.
             Was the Champion of Okawaru.
             Killed from afar by a deep elf high priest (31 damage)
             ... with a burst of hellfire
             ... in the Dungeon (Sprint VII: "The Pits").
             The game lasted 00:25:39 (4232 turns).

Kidiri the Impregnable (Minotaur Fighter)           Turns: 4232, Time: 00:25:39

Health: -10/149    AC: 42    Str: 31    XL:     15   Next: 27%
Magic:  31/34      EV: 23    Int:  1    God:    Okawaru [******]
Gold:   61         SH: 34    Dex: 15    Spells: 0 memorised, 14 levels left

rFire  x . .     SeeInvis .     a - +2 morningstar of Nightmares {holy, MR+}
rCold  + . .     Gourm    .     M - +1 plate armour "Zaej" {+Inv rF- rC+ Dex+2}
rNeg   + . .     Faith    .     L - +6 large shield of Ignorance {rN+ AC+2 EV+2 Int-6 *Curse}
rPois  .         Spirit   .     (helmet restricted)
rElec  .         Dismiss  .     v - +1 cloak
rCorr  .         Reflect  .     b - +1 pair of gloves {Str+3}
SustAt .         Harm     .     s - +1 pair of boots
MR     ++...     Rnd*Rage +     (no amulet)
Stlth  .......... NoTele   +    G - ring of Mikkot {+Fly MP+9 AC+4 Slay+3}
                                t - +3 ring of strength

@: heroism, finesse, very resistant to hostile enchantments, extremely
unstealthy
A: retaliatory headbutt, horns 2, rough black scales 1, agile 1, berserk 1,
clever 1, wild magic 1, evolution 1, no device heal 2, MP-powered wands
a: Heroism, Finesse, Renounce Religion, Evoke Invisibility, Evoke Flight


You were in the Dungeon.
You worshipped Okawaru.
Okawaru was exalted by your worship.
You were not hungry.

You visited 1 branch You collected 61 gold pieces.

Inventory:

Hand Weapons
 a - the +2 morningstar of Nightmares (weapon) {holy, MR+}
   (You found it in the Dungeon)

   It has been blessed by the Shining One to cause great damage to the undead
   and demons.
   It affects your resistance to hostile enchantments.
Armour
 b - a +1 pair of gloves of strength (worn)
 s - a +1 pair of boots (worn)
 v - a +1 cloak (worn)
 L - the +6 large shield of Ignorance (worn) {rN+ AC+2 EV+2 Int-6 *Curse}
   (You found it in the Dungeon)

   It affects your AC (+2).
   It affects your evasion (+2).
   It affects your intelligence (-6).
   It protects you from negative energy.
   It may re-curse itself when equipped.
 M - the +1 plate armour "Zaej" (worn) {+Inv rF- rC+ Dex+2}
   (You found it in the Dungeon)

   It affects your dexterity (+2).
   It makes you vulnerable to fire.
   It protects you from cold.
   It lets you turn invisible.
Jewellery
 t - a +3 ring of strength (left hand)
 w - an uncursed ring of see invisible
 G - the ring of Mikkot (right hand) {+Fly MP+9 AC+4 Slay+3}
   (You found it in the Dungeon)

   [ring of protection]

   It affects your AC (+4).
   It affects your accuracy and damage with ranged weapons and melee attacks
   (+3).
   It affects your magic capacity (+9).
   It lets you fly.
Scrolls
 k - 2 scrolls of blinking
 p - 2 scrolls of remove curse
 q - 5 scrolls of amnesia
 r - a scroll of summoning
 y - 2 scrolls of enchant weapon
 z - a scroll of fear
 A - 2 scrolls of identify
 C - 2 scrolls of fog
 E - a scroll of recharging
 F - a scroll of brand weapon
Potions
 d - 3 potions of might
 e - 10 potions of curing
 g - 10 potions of heal wounds
 h - 2 potions of haste
 i - 4 potions of magic
 j - 5 potions of berserk rage
 o - 2 potions of invisibility
 x - 3 potions of resistance
 B - 3 potions of brilliance
 D - a potion of cure mutation
Comestibles
 f - 8 bread rations
 m - 40 fruits
 n - 6 meat rations
 u - 5 chunks of flesh
 I - 12 royal jellies


   Skills:
 + Level 17.9(22.9) Fighting
 * Level 23.4(27) Maces & Flails
 * Level 23.5(27) Armour
 + Level 16.3(21.3) Dodging
 * Level 23.4(27) Shields
 + Level 15.2 Invocations


You had 14 spell levels left.
You didn't know any spells.

Dungeon Overview and Level Annotations

Branches:
Dungeon (1/1)

Altars:
Ashenzari
Cheibriados
Dithmenos
Elyvilon
Fedhas
Gozag
Kikubaaqudgha
Makhleb
Nemelex Xobeh
Okawaru
Pakellas
Qazlal
Ru
Sif Muna
Trog
Vehumet
Xom
Yredelemnul
Zin
The Shining One
Beogh
Jiyva
Lugonu


Innate Abilities, Weirdness & Mutations

You reflexively headbutt those who attack you in melee.
You have a pair of horns on your head.
You are partially covered in rough black scales (AC +4, Dex -1).
You are agile. (Dex +2)
You tend to lose your temper in combat.
Your mind is acute. (Int +2)
Your spells are a little harder to cast, but a little more powerful.
You evolve.
Potions and wands are poor at restoring your health.
You expend magic power (3 MP) to strengthen your wands.


Message History

Unknown command.
You sock the deep elf demonologist!
You kill the deep elf demonologist!
Okawaru accepts your kill.
The ynoxinul disappears in a puff of smoke!
Something hits you!
* * * LOW HITPOINT WARNING * * *
You block the yellow draconian knight's attack.
The deep elf high priest moves out of view.
The Shadow Fiend calls on the powers of darkness!
The deep elf high priest convulses!
The deep elf demonologist convulses!
The yellow draconian knight convulses!
The deep elf high priest convulses!
Your body is wracked with pain!
* * * LOW HITPOINT WARNING * * *
The ice dragon convulses!
The yellow draconian knight points at you and mumbles some strange words.
You block the shard of ice. You block its attack.
The deep elf high priest mumbles some strange prayers to its god against you.
The hellfire explodes!
The burst of hellfire engulfs you!
You die...

......#.).......#..#
.......)))).....#..#
......#)........#..#
#..####.##+###+##..#
####((#.#[[#[=[[#..#
# #((+.#[.#[[[[#..#
# ##############''#
####''# #3)@..#
....ยง4q#..##
#.1.e.###{)# ..4e..
..## #..#. ##.: .D
## ..:# e ..:# ..:#
##.:#


You could see a yellow draconian knight, a Shadow Fiend, an ice dragon, a soul
eater, an orange demon, 2 deep elf high priests and a red devil.

Vanquished Creatures
  the Serpent of Hell (D)
  A greater mummy (D)
  A curse toe (D)
  Jory (D)
  A Hell Sentinel (D)
  An Ice Fiend (D)
  A deep elf blademaster (D)
  A pandemonium lord (D)
  A quicksilver dragon (D)
  An Executioner (D)
  A greater naga (D)
  A balrug (D)
  2 orc warlords (D)
  2 deep elf demonologists (D)
  2 yellow draconians (D)
  2 deep elf annihilators (D)
  2 lorocyprocas (D)
  3 mottled draconians (D)
  A green draconian (D)
  An eidolon (D)
  A blizzard demon (D)
  4 vault guards (D)
  A yaktaur captain (D)
  A deep elf high priest (D)
  2 hydras (D)
  A spriggan air mage (D)
  An ice dragon (D)
  A merfolk avatar (D)
  An alligator snapping turtle (D)
  An ogre mage (D)
  An anaconda (D)
  A vampire mage (D)
  2 hell knights (D)
  An orc high priest (D)
  A deep elf knight (D)
  A sun demon (D)
  A sea snake (D)
  An unseen horror (D)
  2 necromancers (D)
  A lindwurm (D)
  14 orc knights (D)
  An orc sorcerer (D)
  An ugly thing (D)
  A deep elf mage (D)
  A manticore (D)
  4 elephants (D)
  An eye of devastation (D)
  A black mamba (D)
  A guardian serpent (D)
  3 orange demons (D)
  A molten gargoyle (D)
  A spiny frog (D)
  A gargoyle (D)
  2 demonic crawlers (D)
  A komodo dragon (D)
  2 yaktaurs (D)
  2 efreet (D)
  A kobold demonologist (D)
  A wandering mushroom (D)
  A red devil (D)
  A freezing wraith (D)
  A wind drake (D)
  A jumping spider (shapeshifter) (D)
  A bog body (D)
  4 two-headed ogres (D)
  2 blink frogs (D)
  A boulder beetle (D)
  4 redbacks (D)
  A spriggan (D)
  A water elemental (D)
  A wraith (D)
  A hippogriff (D)
  A tarantella (D)
  A wyvern (D)
  4 yaks (D)
  A hungry ghost (D)
  A chaos spawn (D)
  Edmund (D)
  2 mottled dragons (D)
  A small abomination (D)
  A swamp drake (D)
  3 sky beasts (D)
  2 ice beasts (D)
  An eye of draining (D)
  A necrophage (D)
  2 ogres (D)
  A centaur (D)
  A crocodile (D)
  A scorpion (D)
  A crimson imp (D)
  2 gnoll shamans (D)
  A hound (D)
  A jelly (D)
  An iron imp (D)
  2 iguanas (D)
  5 orc wizards (D)
  A hell rat (D)
  A worker ant (D)
  7 sheep (D)
  3 gnolls (D)
  A river rat (D)
  A white imp (D)
  An ufetubus (D)
  An adder skeleton (D)
  An adder simulacrum (D)
  8 orcs (D)
  A bat skeleton (D)
  A giant cockroach (D)
  A goblin (D)
  3 hobgoblins (D)
  4 jackals (D)
  A quokka (D)
  2 giant newts (D)
  A rat (D)
190 creatures vanquished.

Notes
Turn   | Place    | Note
--------------------------------------------------------------
     0 | D        | Kidiri the Minotaur Fighter began the quest for the Orb.
     0 | D        | Reached XP level 1. HP: 19/19 MP: 0/0
    40 | D        | Found a sacrificial altar of Ru.
    40 | D        | Found a basalt altar of Yredelemnul.
    40 | D        | Found a shadowy altar of Dithmenos.
    40 | D        | Found a deep blue altar of Sif Muna.
    40 | D        | Found a burning altar of Makhleb.
    40 | D        | Found a shimmering altar of Xom.
    40 | D        | Found an ancient bone altar of Kikubaaqudgha.
    40 | D        | Found a sparkling altar of Nemelex Xobeh.
    41 | D        | Found a glowing golden altar of the Shining One.
    41 | D        | Found a bloodstained altar of Trog.
    41 | D        | Found a shattered altar of Ashenzari.
    41 | D        | Found a white marble altar of Elyvilon.
    41 | D        | Found a snail-covered altar of Cheibriados.
    41 | D        | Found a blossoming altar of Fedhas.
    41 | D        | Found a radiant altar of Vehumet.
    41 | D        | Found a glowing silver altar of Zin.
    41 | D        | Found a corrupted altar of Lugonu.
    41 | D        | Found a viscous altar of Jiyva.
    41 | D        | Found a roughly hewn altar of Beogh.
    41 | D        | Found an iron altar of Okawaru.
    42 | D        | Found an oddly glowing altar of Pakellas.
    47 | D        | Found a stormy altar of Qazlal.
    47 | D        | Found an opulent altar of Gozag.
    50 | D        | Became a worshipper of Warmaster Okawaru
    94 | D        | Reached skill level 4 in Armour
   111 | D        | Reached skill level 1 in Dodging
   111 | D        | Reached XP level 2. HP: 20/27 MP: 1/1
   114 | D        | Reached skill level 1 in Invocations
   227 | D        | Reached skill level 5 in Armour
   227 | D        | Reached skill level 5 in Shields
   227 | D        | Reached XP level 3. HP: 13/34 MP: 3/3
   234 | D        | Reached skill level 5 in Maces & Flails
   234 | D        | Reached XP level 4. HP: 21/41 MP: 4/4
   239 | D        | Reached skill level 5 in Fighting
   239 | D        | Reached skill level 6 in Armour
   483 | D        | Noticed a deep elf mage
   483 | D        | Noticed a necrophage
   505 | D        | Killed a necrophage
   505 | D        | Reached * piety under Okawaru
   505 | D        | Reached skill level 7 in Armour
   505 | D        | Reached XP level 5. HP: 44/50 MP: 6/6
   508 | D        | Killed a deep elf mage
   508 | D        | Reached ** piety under Okawaru
   508 | D        | Reached skill level 9 in Maces & Flails
   508 | D        | Reached skill level 5 in Dodging
   508 | D        | Reached skill level 5 in Invocations
   508 | D        | Reached XP level 6. HP: 50/60 MP: 4/8
   508 | D        | Reached XP level 7. HP: 55/66 MP: 4/9
   594 | D        | Noticed an orc high priest
   598 | D        | Killed an orc high priest
   598 | D        | Reached *** piety under Okawaru
   598 | D        | Reached skill level 10 in Maces & Flails
   598 | D        | Reached skill level 10 in Armour
   598 | D        | Reached skill level 11 in Shields
   598 | D        | Reached XP level 8. HP: 71/74 MP: 8/11
   603 | D        | Noticed Edmund
   610 | D        | Killed Edmund
   622 | D        | Gained mutation: You are dopey. (Int -2) [mutagenic meat]
   623 | D        | Lost mutation: You are dopey. (Int -2) [mutagenic meat]
   624 | D        | Gained mutation: You expend magic power (3 MP) to strengthen your wands. [mutagenic meat]
   625 | D        | Gained mutation: Your spells are a little harder to cast, but a little more powerful. [mutagenic meat]
   626 | D        | Gained mutation: You are agile. (Dex +2) [mutagenic meat]
   660 | D        | Noticed a gargoyle
   660 | D        | Noticed a sea snake
   666 | D        | Killed a sea snake
   666 | D        | Reached **** piety under Okawaru
   666 | D        | Reached XP level 9. HP: 79/83 MP: 9/13
   673 | D        | Killed a gargoyle
   673 | D        | Reached skill level 12 in Armour
   711 | D        | Got the +2 morningstar of Nightmares {holy, MR+}
   861 | D        | Gained mutation: You evolve. [mutagenic meat]
   862 | D        | Gained mutation: Your magical capacity is low (-10% MP). [mutagenic meat]
   867 | D        | Lost mutation: Your magical capacity is low (-10% MP). [evolution]
   884 | D        | Noticed an orange demon
   890 | D        | Killed an orange demon
   890 | D        | Reached skill level 13 in Armour
   892 | D        | Noticed a komodo dragon
   895 | D        | Killed a komodo dragon
   895 | D        | Reached ***** piety under Okawaru
   895 | D        | Reached skill level 10 in Fighting
   914 | D        | Noticed an orc knight
   916 | D        | Noticed an efreet
   924 | D        | Noticed an orange demon
   924 | D        | Noticed an orange demon
   930 | D        | Killed an orc knight
   930 | D        | Reached XP level 10. HP: 76/93 MP: 6/14
   939 | D        | Killed an orange demon
   942 | D        | Killed an orange demon
   966 | D        | Noticed a sun demon
   975 | D        | Killed a sun demon
   975 | D        | Reached skill level 14 in Armour
  1071 | D        | Noticed a green ugly thing
  1078 | D        | Killed a green ugly thing
  1083 | D        | Received a gift from Okawaru
  1091 | D        | Gained mutation: You tend to lose your temper in combat. [mutagenic meat]
  1092 | D        | Gained mutation: You are partially covered in rough black scales (AC +4, Dex -1). [mutagenic meat]
  1138 | D        | Noticed an orc sorcerer
  1146 | D        | Killed an orc sorcerer
  1146 | D        | Reached skill level 15 in Armour
  1146 | D        | Reached skill level 10 in Dodging
  1146 | D        | Reached XP level 11. HP: 45/102 MP: 16/16
  1150 | D        | Reached skill level 15 in Shields
  1154 | D        | Reached ****** piety under Okawaru
  1181 | D        | Reached skill level 15 in Maces & Flails
  1372 | D        | Noticed a lindwurm
  1376 | D        | Killed a lindwurm
  1394 | D        | Noticed a seven-headed hydra
  1405 | D        | Killed a seven-headed hydra
  1648 | D        | Noticed a vampire mage
  1651 | D        | Noticed a flayed ghost
  1656 | D        | Killed a vampire mage
  1656 | D        | Received a gift from Okawaru
  1656 | D        | Reached skill level 16 in Armour
  1707 | D        | Gained mutation: Potions and wands are less effective at restoring your health. [mutagenic meat]
  1708 | D        | Gained mutation: Potions and wands are poor at restoring your health. [mutagenic meat]
  1710 | D        | Gained mutation: Your mind is acute. (Int +2) [mutagenic meat]
  1727 | D        | Noticed a sun demon
  1736 | D        | Reached skill level 10 in Invocations
  1753 | D        | Noticed a seven-headed hydra
  1762 | D        | Killed a seven-headed hydra
  1831 | D        | Noticed an ice dragon
  1846 | D        | Killed an ice dragon
  1987 | D        | Noticed a deep elf blademaster
  1988 | D        | Noticed an ogre mage
  1990 | D        | Noticed an alligator snapping turtle
  2010 | D        | Noticed a mottled draconian
  2014 | D        | Killed a deep elf blademaster
  2014 | D        | Reached skill level 17 in Armour
  2014 | D        | Reached XP level 12. HP: 103/113 MP: 11/18
  2039 | D        | Killed an alligator snapping turtle
  2055 | D        | Killed an ogre mage
  2055 | D        | Received a gift from Okawaru
  2077 | D        | Noticed an eidolon
  2091 | D        | Killed a mottled draconian
  2098 | D        | Killed an eidolon
  2104 | D        | Reached skill level 18 in Armour
  2108 | D        | Noticed a merfolk avatar
  2119 | D        | Killed a merfolk avatar
  2209 | D        | XOM: swap monsters
  2238 | D        | Got the ring of Mikkot {+Fly MP+9 AC+4 Slay+3}
  2626 | D        | Noticed an anaconda
  2626 | D        | Noticed a yellow draconian
  2626 | D        | Noticed a spriggan air mage
  2630 | D        | Killed an anaconda
  2633 | D        | Killed a lorocyproca
  2633 | D        | Received a gift from Okawaru
  2651 | D        | Killed a spriggan air mage
  2651 | D        | Reached XP level 13. HP: 112/124 MP: 20/20
  2671 | D        | Killed a yellow draconian
  2814 | D        | Noticed an orc warlord
  2816 | D        | Noticed an orc warlord
  2823 | D        | Reached skill level 19 in Armour
  2841 | D        | Killed an orc warlord
  2841 | D        | Received a gift from Okawaru
  2873 | D        | Killed an orc warlord
  2910 | D        | Noticed a vault guard
  2916 | D        | Killed a vault guard
  2920 | D        | Noticed a vault guard
  2921 | D        | Noticed a deep elf annihilator
  2929 | D        | Killed a deep elf annihilator
  2929 | D        | Reached skill level 15 in Fighting
  2947 | D        | Killed a vault guard
  2947 | D        | Reached skill level 20 in Armour
  3131 | D        | Noticed a vault guard
  3139 | D        | Noticed a vault guard
  3151 | D        | Killed a vault guard
  3153 | D        | Noticed a greater naga
  3162 | D        | Killed a vault guard
  3179 | D        | Killed a greater naga
  3280 | D        | Got the cursed +1 plate armour "Zaej" {+Inv rF- rC+ Dex+2}
  3408 | D        | Noticed a greater mummy
  3415 | D        | Killed a greater mummy
  3415 | D        | Received a gift from Okawaru
  3415 | D        | Reached XP level 14. HP: 113/136 MP: 22/22
  3419 | D        | Noticed an Executioner
  3422 | D        | Killed an Executioner
  3422 | D        | Reached skill level 21 in Armour
  3425 | D        | Noticed the Serpent of Hell
  3427 | D        | Noticed a storm dragon
  3439 | D        | Killed the Serpent of Hell
  3442 | D        | Noticed a quicksilver dragon
  3452 | D        | Killed a quicksilver dragon
  3455 | D        | Noticed Unos the pandemonium lord
  3467 | D        | Killed Unos the pandemonium lord
  3467 | D        | Received a gift from Okawaru
  3467 | D        | Reached skill level 15 in Dodging
  3478 | D        | Reached skill level 22 in Armour
  3516 | D        | HP: 6/138 [poison (poison gas)]
  3522 | D        | HP: 5/138 [poison (poison gas)]
  3530 | D        | HP: 6/138 [poison (poison gas)]
  3939 | D        | Noticed a curse toe
  3939 | D        | Noticed an Ice Fiend
  3958 | D        | Killed an Ice Fiend
  3962 | D        | Killed a curse toe
  4003 | D        | Noticed a balrug
  4006 | D        | Killed a balrug
  4006 | D        | Reached XP level 15. HP: 126/147 MP: 25/25
  4009 | D        | Noticed Jory
  4015 | D        | Killed Jory
  4015 | D        | Received a gift from Okawaru
  4015 | D        | Reached skill level 23 in Armour
  4019 | D        | Noticed a Hell Sentinel
  4028 | D        | Killed a Hell Sentinel
  4040 | D        | Reached skill level 15 in Invocations
  4216 | D        | Noticed an Executioner
  4219 | D        | Noticed a yellow draconian knight
  4223 | D        | Noticed a Shadow Fiend
  4232 | D        | Killed from afar by a deep elf high priest

Vault maps used:
D:        pitsprint

Action                   |  1- 3 |  4- 6 |  7- 9 | 10-12 | 13-15 || total
-------------------------+-------+-------+-------+-------+-------++-------
Melee: Mace              |    34 |     8 |       |       |       ||    42
       Flail             |     3 |    32 |    43 |       |       ||    78
       Morningstar       |       |       |    36 |   337 |   285 ||   658
Invok: Heroism           |       |     1 |     4 |     4 |     6 ||    15
       Finesse           |       |       |     1 |     4 |     6 ||    11
Evoke: Piece from Xom's  |       |       |       |     1 |       ||     1
  Use: Potion            |     1 |       |       |       |     1 ||     2
       Scroll            |       |       |       |     4 |     1 ||     5
  Eat: Chunk             |       |       |    11 |    11 |     5 ||    27
       Bread ration      |       |       |       |     1 |       ||     1
       Meat ration       |       |       |       |       |     1 ||     1
